 Dungeon Crawl Stone Soup version 0.29-a0-517-gbdf32494f2 (webtiles) character file.

Game seed: 16361865225335186684

100 xian the Bolt Thrower (level 4, -3/27 HPs)
             Began as a Gargoyle Hunter on May 30, 2022.
             Killed from afar by Natasha (5 damage)
             ... with a magic dart
             ... on level 2 of the Dungeon.
             The game lasted 00:04:12 (1618 turns).

xian the Bolt Thrower (Gargoyle Hunter)             Turns: 1618, Time: 00:04:13

Health: -3/27      AC:  6    Str: 22    XL:     4   Next: 74%
Magic:  0/4        EV: 11    Int: 10    God:
Gold:   113        SH:  3    Dex: 13    Spells: 3/3 levels left

rFire   + . .      SeeInvis .   a - +1 hand crossbow
rCold   . . .      Faith    .   l - +0 buckler
rNeg    + . .      Spirit   +   i - +1 robe {rF+}
rPois   ∞          Reflect  .   (no helmet)
rElec   +          Harm     .   (no cloak)
rCorr   .          Rampage  .   (no gloves)
Will    .....                   (no boots)
Stlth   ++........              f - amulet of guardian spirit
HPRegen 0.09/turn               m - +6 ring of strength
MPRegen 0.09/turn               (no ring)

@: no status effects
A: sickness immunity, AC +3, negative energy resistance 1, electricity
resistance, torment resistance 1, petrification resistance
a: no special abilities


You were on level 2 of the Dungeon.
You visited 1 branch of the dungeon, and saw 2 of its levels.

You collected 113 gold pieces.

Inventory:

Hand Weapons
 a - a +1 hand crossbow (weapon)
 d - a +0 short sword
Missiles
 e - 3 atropa-tipped darts
Armour
 i - a +1 robe of fire resistance (worn)
 l - a +0 buckler (worn)
Jewellery
 f - an amulet of guardian spirit (around neck)
 m - a +6 ring of strength (left hand)
Scrolls
 c - a scroll of immolation
 g - 2 scrolls of blinking {unknown}
 o - a scroll of noise {unknown}
Potions
 b - 3 potions of curing
 h - a potion of degeneration {unknown}
 j - 2 potions of heal wounds {unknown}
 k - a potion of ambrosia {unknown}
 n - a potion of resistance {unknown}


   Skills:
 + Level 2.5 Fighting
 + Level 5.8 Crossbows
 + Level 1.6 Dodging
 + Level 1.1 Stealth


You had 3 spell levels left.
You didn't know any spells.
Your spell library contained the following spells:

 Spells                   Type           Power      Damage    Failure   Level
 Foxfire                  Conj/Fire      0%         2x1d4     45%         1
 Conjure Flame            Conj/Fire      0%         6-21      83%         3
 Inner Flame              Hex/Fire       0%         N/A       83%         3
 Portal Projectile        Hex/Tloc       0%         N/A       83%         3
 Tukima's Dance           Hex            0%         N/A       83%         3
 Flame Wave               Conj/Fire      0%         2d4       99%         4
 Blade Hands              Tmut           0%         N/A       100%        5


Dungeon Overview and Level Annotations

Branches:
Dungeon (2/15)

Altars:

Annotations:
D:2 Natasha


Innate Abilities, Weirdness & Mutations

You are immune to sickness and miasma.
Your stone body is resilient. (AC +3)
You are immune to poison.
You resist negative energy. (rN+)
You are resistant to electric shocks. (rElec)
You are resistant to unholy torment.
You are immune to petrification.


Message History

You hear a zap.
You hear a grinding noise.
You hear a zap.
You hear a grinding noise.
You hear a zap.
You hear a grinding noise.
Magic restored.
You see here the felid corpse of Natasha.
Found 3 poisoned darts.
You see here 3 poisoned darts.
Natasha, Servant of Life and Death comes into view.
You shoot a bolt.
Natasha hisses angrily.
The bolt hits Natasha.
Natasha is moderately wounded.
Natasha casts a spell.
You shoot a bolt. The bolt closely misses the white imp.
You shoot a bolt. The bolt barely misses the white imp.
The white imp gestures at you. The puff of frost hits you!
You shoot a bolt. The bolt hits the white imp!
The white imp is heavily wounded.
The white imp gestures at you. The puff of frost hits you!
* * * LOW HITPOINT WARNING * * *
The white imp gestures at you. The puff of frost hits you.
* * * LOW HITPOINT WARNING * * *
You are too injured to fight recklessly!
The white imp gestures at you. The puff of frost misses you.
The white imp gestures at you. The puff of frost misses you.
Natasha mumbles some strange words.
Number of times to repeat, then command key: You must enter the number of times for the command to repeat.
The white imp gestures at you. The puff of frost hits you!
* * * LOW HITPOINT WARNING * * *
The white imp disappears in a puff of smoke!
Natasha casts a spell at you. The magic dart hits you.
You die...

#### ########### ...#
##......@..## ##.#
##....(###.#.## #
#.#####.......#.###.##
# #.......h......##
##.# #
########.......#.###.##
#
.h.5..........###.#..##
#
#.########............#
# ..# ##.#.###.....#
####### #.# #.#.#
##.#..# #......


You could see Natasha.

Vanquished Creatures
  Natasha (twice) (D:2)
  An adder (D:2)
  A worm (D:2)
  A dart slug (D:1)
  2 ball pythons (D:2)
  6 endoplasms (D:1)
  A giant cockroach (D:2)
  5 goblins
  3 hobgoblins
  2 quokkas
  2 bats
  6 frilled lizards
  2 kobolds (D:1)
  4 rats
38 creatures vanquished.

Vanquished Creatures (others)
  A fungus (D:1)
  2 plants (D:1)
3 creatures vanquished.

Grand Total: 41 creatures vanquished

Notes
Turn   | Place    | Note
-------+----------+-------------------------------------------
     0 | D:1      | xian the Gargoyle Hunter began the quest for the Orb.
     0 | D:1      | Reached XP level 1. HP: 12/12 MP: 1/1
    53 | D:1      | Reached XP level 2. HP: 17/17 MP: 2/2
   641 | D:1      | Reached XP level 3. HP: 10/22 MP: 3/3
   825 | D:1      | Found a faded altar of an unknown god.
   967 | D:2      | Reached skill level 5 in Crossbows
  1161 | D:2      | Noticed Natasha
  1169 | D:2      | Killed Natasha
  1170 | D:2      | Reached XP level 4. HP: 27/27 MP: 4/4
  1354 | D:2      | Noticed Natasha
  1370 | D:2      | Killed Natasha
  1592 | D:2      | Noticed Natasha
  1614 | D:2      | HP: 1/27 [white imp/puff of frost[Natasha] (6)]
  1618 | D:2      | Killed from afar by Natasha

Illustrated notes

Levels and vault maps discovered:
D:1:      noname_arrival_rooms_in_the_neighbourhood, layout_loops_ring,
          shapermc_ecumenical_altar_ellora
D:2:      layout_loops_ring, uniq_natasha

Skill      XL: |  1  2  3 |
---------------+----------+-----
Crossbows      | 5 |  5.8
Fighting       | |  2.5
Dodging        | |  1.6
Stealth        | |  1.1

Action                   |  1- 3 |  4- 6 || total
-------------------------+-------+-------++-------
 Fire: Hand crossbow     |    94 |    27 ||   121
Armor: Robe              |     9 |     3 ||    12
Dodge: Dodged            |    12 |     7 ||    19
Block: Buckler           |     4 |     2 ||     6

Table legend: (Time is in decaauts)
 A = Elapsed time spent in this place.
 B = Non-inter-level travel time spent in this place.
 C = Inter-level travel time spent in this place.
 D = Time resting spent in this place.
 E = Time spent auto-exploring this place.
 F = Levels seen in this place.
 G = Mean time per level.
                   A        B        C        D        E       F      G
               +--------+--------+--------+--------+--------+-----+--------+
         Total |   1652 |   1639 |     13 |      0 |   1254 |   2 |  826.0 |
       Dungeon |   1652 |   1639 |     13 |      0 |   1254 |   2 |  826.0 |
               +--------+--------+--------+--------+--------+-----+--------+

Top non-repeatable levels by time:
     D:1: 907 daAuts
     D:2: 744 daAuts
